 Dungeon Crawl Stone Soup version 0.14-a0-2542-g51e44bb (webtiles) character file.

76 Jenx the Firebug (level 2, 20/20 HPs)
             Began as a Lava Orc Fire Elementalist on Feb 10, 2014.
             Quit the game on Level 1 of the Dungeon.
             The game lasted 00:04:22 (1005 turns).

Jenx the Firebug (Lava Orc Fire Elementalist)       Turns: 1005, Time: 00:04:22

HP  20/20        AC  4     Str 10      XL: 2   Next: 65%
MP   4/4         EV 12     Int 15      God:
Gold 55          SH  0     Dex 11      Spells:  2 memorised,  2 levels left

rFire  + . .     SeeInvis .     h - +0 whip
rCold  . . .     Clarity  .     a - +0 orc robe
rNeg   . . .     Conserve .     (no shield)
rPois  .         rCorr    .     (no helmet)
rElec  .         rRot     .     (no cloak)
SustAb . .       Spirit   .     (no gloves)
rMut   .         Warding  .     (no boots)
Saprov + . .     Stasis   .     (no amulet)
MR     .....                    (no ring)
                                (no ring)

@: not resistant to hostile enchantments, unstealthy
A: conserve scrolls, saprovore 1
a: no special abilities


You were on level 1 of the Dungeon.
You were not hungry.

You visited 1 branch of the dungeon, and saw 1 of its levels.

You collected 55 gold pieces.

Inventory:

Hand weapons
 h - a +0,+0 whip (weapon)
Missiles
 n - 5 tomahawks (quivered)
Armour
 a - a +0 orcish robe (worn)
Comestibles
 c - 3 meat rations
 l - a rotting chunk of bat flesh
 q - a rotting chunk of rat flesh
Scrolls
 d - a scroll of remove curse {unknown}
 i - a scroll of identify {unknown}
 m - a scroll of teleportation {unknown}
Potions
 e - 2 potions of agility {unknown}
 g - 2 potions of curing {unknown}
 k - a potion of brilliance {unknown}
 o - a potion of beneficial mutation {unknown}
Books
 b - a book of Flames

   Spells                             Type                      Level
   *Flame Tongue                      Conjuration/Fire             1
   *Throw Flame                       Conjuration/Fire             2
   Conjure Flame                      Conjuration/Fire             3
   Inner Flame                        Hexes/Fire                   3
   Sticky Flame                       Conjuration/Fire             4
   Fireball                           Conjuration/Fire             5


   Skills:
 - Level 1.5 Dodging
 - Level 1.5 Stealth
 + Level 2.1 Spellcasting
 - Level 2.0 Conjurations
 - Level 3.6 Fire Magic


You had 2 spell levels left.
You knew the following spells:

 Your Spells              Type           Power        Failure   Level  Hunger
a - Flame Tongue          Conj/Fire      ##...        10%         1    #......
b - Throw Flame           Conj/Fire      ##....       12%         2    ###....


Dungeon Overview and Level Annotations

Branches:
Dungeon (1/16)

Altars:


Innate Abilities, Weirdness & Mutations

You have stony skin.
Your flesh is heat resistant.
Your flesh is vulnerable to cold.
Your heat harms attackers.
You bathe your surroundings in blazing heat.
You are too hot to use scrolls.
You are very good at protecting items from fire.
You can tolerate rotten meat.


Message History

You hit the rat.
You kill the rat!
Eat a rotting chunk of goblin flesh? (ye/n/q/i?) This raw flesh tastes unpleasant.
You smell something rotten. (slot l)
You continue eating.
d - a scroll labeled ETAEDW ENKAOCW
Found a stone staircase leading down.
Some of the chunks of flesh in your inventory have completely rotted away.
Some of the chunks of flesh in your inventory have completely rotted away.
Some of the chunks of flesh in your inventory have completely rotted away.
Done exploring.
Done exploring.
Done exploring.
Done exploring.
Save game and exit?
Welcome back, Jenx the Lava Orc Fire Elementalist.
Press ? for a list of commands and other information.
Unknown command.
Are you sure you want to abandon this character and quit the game? (Confirm with "yes".)

##### #...#####
#.#......
##########...#####
#..........#..#
#@########....#
#.# ##.#.# #.#
#.#.#### #.#
#.#..... #.#
#....... #.#
#.###### #.# ##.##
#.########...#####
#.##.............#


There were no monsters in sight!

Vanquished Creatures
  An ooze (D:1)
  2 goblins (D:1)
  2 hobgoblins (D:1)
  3 bats (D:1)
  3 giant cockroaches (D:1)
  A giant gecko (D:1)
  3 giant newts (D:1)
  3 kobolds (D:1)
  4 rats (D:1)
22 creatures vanquished.

Notes
Turn   | Place    | Note
--------------------------------------------------------------
     0 | D:1      | Jenx, the Lava Orc Fire Elementalist, began the quest for the Orb.
     0 | D:1      | Reached XP level 1. HP: 14/14 MP: 2/2
   297 | D:1      | Reached XP level 2. HP: 15/20 MP: 3/3
   318 | D:1      | Learned a level 2 spell: Throw Flame
  1005 | D:1      | Quit the game

Action                   || total
-------------------------++-------
Melee: Whip              ||    52
       Unarmed           ||     2
 Cast: Flame Tongue      ||    18
       Throw Flame       ||     1
 Stab: Sleeping          ||     1
